PUBA
SUSQUEHANNA TRAILS SCARLETS @ KNOXVILLE SMOKIES
06/20/1966
 
TOP OF THE 1ST
Knoxville Smokies batting - Pitching for Aberdeen Cobains : RHP Morgan Peterson
Pitching: RHP Morgan Peterson
Batting: LHB Germán Salinas 0-0: Called Strike
0-1: Bunted foul
0-2: SINGLE (Groundball, 4, EV 108.1 MPH) (infield hit)
Batting: RHB Derrick Pot 0-0: Grounds into double play, 5-4-3 (Groundball, 56, EV 85.6 MPH)
Batting: RHB Alberto MacKnight 0-0: Ball
1-0: Called Strike
1-1: Foul Ball, location: 2F
1-2: Ball
2-2: Strikes out looking
Top of the 1st over - 0 runs, 1 hit, 0 errors, 0 left on base; Knoxville 0 - Aberdeen 0
BOTTOM OF THE 1ST
Aberdeen Cobains batting - Pitching for Knoxville Smokies : RHP David Williams
Pitching: RHP David Williams
Batting: RHB José Mendoza 0-0: Foul Ball, location: 2F
0-1: Ball
1-1: Ground out 6-3 (Groundball, 6, EV 81.3 MPH)
Batting: RHB Mike Ellis 0-0: Ball
1-0: Foul Ball, location: 2F
1-1: Ball
2-1: Ball
3-1: Base on Balls
Batting: RHB Don Flowers 0-0: Ball
1-0: Grounds into double play, 6-4-3 (Groundball, 6, EV 99.4 MPH)
Bottom of the 1st over - 0 runs, 0 hits, 0 errors, 0 left on base; Knoxville 0 - Aberdeen 0
TOP OF THE 2ND
Knoxville Smokies batting - Pitching for Aberdeen Cobains : RHP Morgan Peterson
Batting: LHB Sergio Martínez 0-0: Ball
1-0: Foul Ball, location: 2F
1-1: Hit by Pitch
Batting: RHB Stan Carney 0-0: Called Strike
0-1: Called Strike
0-2: Ball
1-2: Strikes out swinging
Batting: RHB Kyle Anderson 0-0: Ball
1-0: DOUBLE (Groundball, 3L, EV 101.9 MPH)
Sergio Martínez to third
Batting: RHB Travis Jones 0-0: Ball
1-0: Ball
2-0: Ball
3-0: Base on Balls
Batting: RHB Dale Manning 0-0: Foul Ball, location: 2F
0-1: Fly out, F7 (Flyball, 7, EV 87.5 MPH)
Runner from 3rd tags up, SCORES, throw by LF
Batting: RHB Jon Morgan 0-0: Called Strike
0-1: Reached on error, E3 (Groundball, 3L, EV 108.8 MPH)
Kyle Anderson to third
Travis Jones to second
Batting: LHB Germán Salinas 0-0: Called Strike
0-1: Ball
1-1: Fielders Choice at 2nd, 5-4 (Groundball, 5L, EV 96.9 MPH)
Top of the 2nd over - 1 run, 1 hit, 1 error, 3 left on base; Knoxville 1 - Aberdeen 0
BOTTOM OF THE 2ND
Aberdeen Cobains batting - Pitching for Knoxville Smokies : RHP David Williams
Batting: LHB José Domínguez 0-0: Fly out, F7 (Line Drive, 7, EV 91.3 MPH)
Batting: RHB Martin Horn 0-0: SOLO HOME RUN (Flyball, 9D, EV 107.5 MPH), Distance : 370 ft
Batting: LHB Tom Satriano 0-0: Called Strike
0-1: Ball
1-1: Ball
2-1: Swinging Strike
2-2: Ground out 4-3 (Groundball, 34D, EV 86.3 MPH)
Batting: RHB Randall Webster 0-0: Ball
1-0: Fly out, F8 (Flyball, 89XD, EV 111.9 MPH)
Bottom of the 2nd over - 1 run, 1 hit, 0 errors, 0 left on base; Knoxville 1 - Aberdeen 1
TOP OF THE 3RD
Knoxville Smokies batting - Pitching for Aberdeen Cobains : RHP Morgan Peterson
Batting: RHB Derrick Pot 0-0: Ground out 1-3 (Groundball, 34S, EV 76.3 MPH)
Batting: RHB Alberto MacKnight 0-0: Foul Ball, location: 2F
0-1: Called Strike
0-2: Strikes out swinging
Batting: LHB Sergio Martínez 0-0: SINGLE (Groundball, 4D, EV 97.5 MPH)
Batting: RHB Stan Carney 0-0: Foul Ball, location: 2F
0-1: Swinging Strike
0-2: Ball
1-2: Strikes out swinging
Top of the 3rd over - 0 runs, 1 hit, 0 errors, 1 left on base; Knoxville 1 - Aberdeen 1
BOTTOM OF THE 3RD
Aberdeen Cobains batting - Pitching for Knoxville Smokies : RHP David Williams
Batting: RHB Miguel Hernández 0-0: Ball
1-0: Ball
2-0: Ball
3-0: Base on Balls
Batting: RHB Dave Calhoun 0-0: Foul Ball, location: 2F
0-1: Ball
1-1: Ball
2-1: Foul Ball, location: 2F
2-2: Fly out, F8 (Flyball, 8LD, EV 87.5 MPH)
Batting: RHB José Mendoza 0-0: Ball
1-0: Ball
Miguel Hernández is caught stealing 2nd base 2-4
2-0: Foul Ball, location: 2F
2-1: Swinging Strike
2-2: Hit by Pitch
Batting: RHB Mike Ellis 0-0: Called Strike
0-1: Ball
1-1: Foul Ball, location: 2F
1-2: Fielders Choice at 2nd, 6-4 (Groundball, 6, EV 89.4 MPH)
Bottom of the 3rd over - 0 runs, 0 hits, 0 errors, 1 left on base; Knoxville 1 - Aberdeen 1
TOP OF THE 4TH
Knoxville Smokies batting - Pitching for Aberdeen Cobains : RHP Morgan Peterson
Batting: RHB Kyle Anderson 0-0: Ball
1-0: Foul Ball, location: 2F
1-1: Foul Ball, location: 2F
1-2: Strikes out swinging
Batting: RHB Travis Jones 0-0: Ball
1-0: Swinging Strike
1-1: Ball
2-1: Swinging Strike
2-2: Ball
3-2: Base on Balls
Batting: RHB Dale Manning 0-0: Ball
1-0: Foul Ball, location: 2F
1-1: Called Strike
Travis Jones steals 2nd base
1-2: Ball
2-2: Ball
3-2: Strikes out swinging
Batting: RHB Jon Morgan 0-0: Foul Ball, location: 2F
0-1: Fly out, F9 (Flyball, 9S, EV 81.3 MPH)
Top of the 4th over - 0 runs, 0 hits, 0 errors, 1 left on base; Knoxville 1 - Aberdeen 1
BOTTOM OF THE 4TH
Aberdeen Cobains batting - Pitching for Knoxville Smokies : RHP David Williams
Batting: RHB Don Flowers 0-0: Ball
1-0: Ball
2-0: Swinging Strike
2-1: SINGLE (Line Drive, 4MD, EV 98.8 MPH)
Batting: LHB José Domínguez 0-0: Called Strike
0-1: Ball
1-1: Called Strike
1-2: Ball
2-2: Ball
3-2: Base on Balls
Don Flowers to second
Batting: RHB Martin Horn 0-0: Foul Ball, location: 2F
0-1: Ball
1-1: Grounds into double play, 6-4-3 (Groundball, 6, EV 80.6 MPH)
Don Flowers to third
Batting: LHB Tom Satriano 0-0: Called Strike
0-1: Hit by Pitch
Batting: RHB Randall Webster 0-0: Foul Ball, location: 2F
0-1: Ball
1-1: Ball
2-1: Fielders Choice at 2nd, 5-4 (Groundball, 56, EV 108.1 MPH)
Bottom of the 4th over - 0 runs, 1 hit, 0 errors, 2 left on base; Knoxville 1 - Aberdeen 1
TOP OF THE 5TH
Knoxville Smokies batting - Pitching for Aberdeen Cobains : RHP Morgan Peterson
Batting: LHB Germán Salinas 0-0: Called Strike
0-1: Ball
1-1: Ball
2-1: Foul Ball, location: 2F
2-2: Foul Ball, location: 2F
2-2: Strikes out swinging
Batting: RHB Derrick Pot 0-0: Swinging Strike
0-1: Ball
1-1: Foul Ball, location: 2F
1-2: Ball
2-2: Strikes out looking
Batting: RHB Alberto MacKnight 0-0: Called Strike
0-1: Ball
1-1: Ball
2-1: Ball
3-1: Swinging Strike
3-2: Fly out, F8 (Flyball, 8LD, EV 106.3 MPH)
Top of the 5th over - 0 runs, 0 hits, 0 errors, 0 left on base; Knoxville 1 - Aberdeen 1
BOTTOM OF THE 5TH
Aberdeen Cobains batting - Pitching for Knoxville Smokies : RHP David Williams
Batting: RHB Miguel Hernández 0-0: Ball
1-0: Called Strike
1-1: Called Strike
1-2: SINGLE (Line Drive, 9, EV 90.6 MPH)
Batting: RHB Dave Calhoun 0-0: Bunted foul
0-1: Bunt missed!
0-2: Grounds into double play, 5-4-3 (Groundball, 56, EV 83.1 MPH)
Batting: RHB José Mendoza 0-0: Ball
1-0: Swinging Strike
1-1: Ball
2-1: Ball
3-1: Base on Balls
Batting: RHB Mike Ellis 0-0: Ball
1-0: Ball
2-0: Foul Ball, location: 2F
2-1: DOUBLE (Line Drive, 8RXD, EV 102.5 MPH)
José Mendoza to third
Batting: RHB Don Flowers 0-0: Ball
1-0: Called Strike
1-1: Foul Ball, location: 2F
1-2: Foul Ball, location: 2F
1-2: Ball
2-2: Ball
3-2: Foul Ball, location: 2F
3-2: Foul Ball, location: 2F
3-2: Foul Ball, location: 2F
3-2: DOUBLE (Line Drive, 9LS, EV 110.6 MPH)
José Mendoza scores
Mike Ellis scores
Batting: LHB José Domínguez 0-0: Called Strike
0-1: Ball
1-1: Foul Ball, location: 2F
1-2: Foul Ball, location: 2F
1-2: Ball
2-2: Ball
3-2: Strikes out looking
Bottom of the 5th over - 2 runs, 3 hits, 0 errors, 1 left on base; Knoxville 1 - Aberdeen 3
TOP OF THE 6TH
Knoxville Smokies batting - Pitching for Aberdeen Cobains : RHP Morgan Peterson
Batting: LHB Sergio Martínez 0-0: Called Strike
0-1: Foul Ball, location: 2F
0-2: Strikes out looking
Batting: RHB Stan Carney 0-0: Called Strike
0-1: Ground out 3-1 (Groundball, 34, EV 105.6 MPH)
Batting: RHB Kyle Anderson 0-0: Ball
1-0: Ball
2-0: Called Strike
2-1: Called Strike
2-2: SINGLE (Line Drive, 7LS, EV 92.5 MPH)
Batting: RHB Travis Jones 0-0: Called Strike
0-1: Ball
1-1: Fielders Choice at 2nd, 6-4 (Groundball, 6, EV 88.1 MPH)
Top of the 6th over - 0 runs, 1 hit, 0 errors, 1 left on base; Knoxville 1 - Aberdeen 3
BOTTOM OF THE 6TH
Aberdeen Cobains batting - Pitching for Knoxville Smokies : RHP David Williams
Batting: RHB Martin Horn 0-0: Ball
1-0: Foul Ball, location: 2F
1-1: Ball
2-1: Foul Ball, location: 2F
2-2: Fly out, F7 (Flyball, 7, EV 73.8 MPH)
Batting: LHB Tom Satriano 0-0: Called Strike
0-1: Foul Ball, location: 2F
0-2: Ball
1-2: Ground out 1-3 (Groundball, 25, EV 65.0 MPH)
Batting: RHB Randall Webster 0-0: Fly out, F2 (Popup, 5SF, EV 88.8 MPH)
Bottom of the 6th over - 0 runs, 0 hits, 0 errors, 0 left on base; Knoxville 1 - Aberdeen 3
TOP OF THE 7TH
Knoxville Smokies batting - Pitching for Aberdeen Cobains : RHP Morgan Peterson
Batting: RHB Dale Manning 0-0: Ground out 1-3 (Groundball, 13S, EV 68.1 MPH)
Batting: RHB Jon Morgan 0-0: Called Strike
0-1: Swinging Strike
0-2: Ball
1-2: Strikes out swinging
Batting: LHB Germán Salinas 0-0: Ball
1-0: Fly out, F7 (Line Drive, 7, EV 87.5 MPH)
Top of the 7th over - 0 runs, 0 hits, 0 errors, 0 left on base; Knoxville 1 - Aberdeen 3
BOTTOM OF THE 7TH
Aberdeen Cobains batting - Pitching for Knoxville Smokies : RHP David Williams
Batting: RHB Miguel Hernández 0-0: Ball
1-0: Fly out, F7 (Line Drive, 7, EV 93.1 MPH)
Batting: RHB Dave Calhoun 0-0: Ball
1-0: Ball
2-0: Fly out, F5 (Line Drive, 5, EV 68.1 MPH)
Batting: RHB José Mendoza 0-0: SINGLE (Groundball, 6D, EV 96.9 MPH)
Batting: RHB Mike Ellis 0-0: Called Strike
0-1: Ball
1-1: Ball
2-1: 2-RUN HOME RUN (Flyball, 7LD, EV 96.9 MPH), Distance : 352 ft
Batting: RHB Don Flowers 0-0: Ball
1-0: Fly out, F8 (Flyball, 89D, EV 101.9 MPH)
Bottom of the 7th over - 2 runs, 2 hits, 0 errors, 0 left on base; Knoxville 1 - Aberdeen 5
TOP OF THE 8TH
Knoxville Smokies batting - Pitching for Aberdeen Cobains : RHP Morgan Peterson
Batting: RHB Derrick Pot 0-0: Ball
1-0: Called Strike
1-1: Swinging Strike
1-2: Strikes out swinging
Batting: RHB Alberto MacKnight 0-0: Ball
1-0: Ball
2-0: Ball
3-0: Called Strike
3-1: Base on Balls
Batting: LHB Sergio Martínez 0-0: Ball
1-0: Called Strike
1-1: Called Strike
1-2: Ball
2-2: Foul Ball, location: 2F
2-2: Strikes out swinging
Batting: RHB Stan Carney 0-0: Fly out, F8 (Flyball, 8LM, EV 85.6 MPH)
Top of the 8th over - 0 runs, 0 hits, 0 errors, 1 left on base; Knoxville 1 - Aberdeen 5
BOTTOM OF THE 8TH
Aberdeen Cobains batting - Pitching for Knoxville Smokies : RHP David Williams
Pitching: RHP Ron Blackburn
Batting: LHB José Domínguez 0-0: Ball
1-0: Ball
2-0: Called Strike
2-1: Ball
3-1: Called Strike
3-2: DOUBLE (Flyball, 89XD, EV 95.0 MPH)
Batting: RHB Martin Horn 0-0: Ball
Wild Pitch!
José Domínguez to third
1-0: Ball
2-0: Called Strike
2-1: Foul Ball, location: 2F
2-2: Ground out 6-3 (Groundball, 56, EV 78.8 MPH)
José Domínguez scores
Batting: LHB Tom Satriano 0-0: Ball
1-0: Ball
2-0: Foul Ball, location: 2F
2-1: Ball
3-1: Base on Balls
Pitching: RHP Barry Latman
Batting: RHB Randall Webster 0-0: Called Strike
0-1: Ball
1-1: 2-RUN HOME RUN (Flyball, 78XD, EV 96.9 MPH), Distance : 416 ft
Batting: RHB Miguel Hernández 0-0: Foul Ball, location: 2F
0-1: Foul Ball, location: 2F
0-2: Ball
1-2: Foul Ball, location: 2F
1-2: SINGLE (Line Drive, 78S, EV 103.1 MPH)
Batting: RHB Dave Calhoun 0-0: Ball
Miguel Hernández is caught stealing 2nd base 2-4
1-0: Foul Ball, location: 2F
1-1: Foul Ball, location: 2F
1-2: Ball
2-2: SOLO HOME RUN (Flyball, 89XD, EV 97.5 MPH), Distance : 412 ft
Batting: RHB José Mendoza 0-0: Ball
1-0: Ball
2-0: Called Strike
2-1: Ball
3-1: Base on Balls
Batting: RHB Mike Ellis 0-0: Ball
1-0: Fly out, F8 (Flyball, 8RXD, EV 107.5 MPH)
Bottom of the 8th over - 4 runs, 4 hits, 0 errors, 1 left on base; Knoxville 1 - Aberdeen 9
TOP OF THE 9TH
Knoxville Smokies batting - Pitching for Aberdeen Cobains : RHP Morgan Peterson
Batting: RHB Kyle Anderson 0-0: Called Strike
0-1: Foul Ball, location: 2F
0-2: Ball
1-2: Ball
2-2: Strikes out swinging
Batting: RHB Travis Jones 0-0: Ball
1-0: Ball
2-0: Called Strike
2-1: Foul Ball, location: 2F
2-2: Strikes out looking
Batting: RHB Dale Manning 0-0: Called Strike
0-1: Ground out 6-3 (Groundball, 6M, EV 104.4 MPH)
Top of the 9th over - 0 runs, 0 hits, 0 errors, 0 left on base; Knoxville 1 - Aberdeen 9
Monday, November 8th , 2021 - OOTP Baseball 22.10 Build 79